Kradschützen Motorcycle Team
Selects Italian Combined Arms Battlegroup
Selects Bersaglieri Squad
Construct Light Support Kompanie
Selects Bersaglieri Bolster
Construct Mechanized Kompanie
Selects Breda Model 30 Light Machine Guns
Panzerjäger Mechanized Group
Selects Semovente da 75/18 Assault Gun
Selects Carro Armato M13/40 Light Tank
Semovente da 75/18 Assault Gun
Semovente da 75/18 Assault Gun
Semovente da 75/18 Assault Gun